AoeStats
← donsimon93

Black Forest

510065729Analyzed
2v2 RM · 4d ago on Sep 29, 2026· 58m 26s· 4 players
Game mode
Random Map
Map size
Medium (4 player)
Population
200
Speed
Normal
Resources
Standard
Victory
Conquest
Starting age
Dark Age
Ending age
Imperial Age
RankedLock teamsTeams togetherTeam positionsShared explorationLock speedFull tech treeHidden civsTurbo modeCheats
Victory
Defeat
🇨🇳 Varangians · China
1139
+13
🇦🇷 Turks · Argentina
1096
+14
🇨🇿 Bohemians · Czechia
1080
-14
🇦🇹 Britons · Austria
1052
-13
donsimon93
0:43 Loom
11:35 Feudal Age
12:09 Horse Collar
12:17 Double-Bit Axe
18:43 Castle Age
18:48 Gold Mining
18:49 Stone Mining
20:25 Wheelbarrow
20:12 Town Watch
20:52 Bow Saw
21:34 Heavy Plow
29:00 Imperial Age
26:46 Hand Cart
27:19 Gold Shaft Mining
27:35 Ballistics
27:53 Fletching
28:03 Padded Archer Armor
28:14 Forging
28:04 Scale Mail Armor
28:14 Caravan
28:41 Bodkin Arrow
28:55 Squires
30:49 Chemistry
30:06 Leather Archer Armor
30:59 Chain Mail Armor
32:08 Bracer
33:05 Conscription
32:17 Pikeman
33:21 Masonry
33:09 Murder Holes
33:56 Ring Archer Armor
34:10 Iron Casting
33:13 Halberdier
33:26 Elite Skirmisher
35:14 Elite Longbowman
35:34 Capped Ram
40:27 Yeomen
41:34 Blast Furnace
41:04 Plate Mail Armor
jiri.bubnik
0:27 Loom
12:38 Feudal Age
18:10 Castle Age
16:26 Town Watch
16:34 Double-Bit Axe
17:14 Fletching
18:26 Town Watch
19:08 Bodkin Arrow
26:36 Wheelbarrow
34:37 Wagenburg Tactics
35:15 Scale Mail Armor
36:26 Bow Saw
0xLexA.23
0:46 Loom
11:41 Feudal Age
15:22 Castle Age
13:45 Double-Bit Axe
16:25 Bow Saw
20:25 Town Watch
21:17 Wheelbarrow
22:12 Horse Collar
23:11 Heavy Plow
23:08 Gold Mining
25:36 Hand Cart
26:58 Stone Mining
27:45 Gold Shaft Mining
31:06 Imperial Age
29:19 Forging
29:14 Scale Barding Armor
29:32 Ballistics
29:08 Murder Holes
30:44 Iron Casting
30:57 Bloodlines
30:47 Husbandry
31:26 Chain Barding Armor
33:03 Two-Man Saw
34:57 Artillery
35:18 Conscription
35:34 Heated Shot
36:46 Blast Furnace
36:21 Plate Barding Armor
36:58 Fortified Wall
37:08 Bombard Tower
41:22 Guilds
42:33 Fervor
44:41 Fletching
44:52 Padded Archer Armor
45:03 Thumb Ring
45:23 Parthian Tactics
46:04 Bodkin Arrow
46:24 Leather Archer Armor
47:56 Heavy Cavalry Archer
48:38 Bracer
49:08 Ring Archer Armor
51:53 Sipahi
52:39 Guard Tower
52:35 Arrowslits
53:00 Masonry
53:03 Caravan
55:44 Sanctity
58:06 Coinage
58:06 Elite Janissary
59:21 Hoardings
58:48 Scale Mail Armor
猪队友怕不怕
0:28 Loom
11:05 Feudal Age
11:40 Double-Bit Axe
17:44 Castle Age
17:00 Horse Collar
32:15 Imperial Age
31:07 Fletching
32:30 Bodkin Arrow
38:39 Wheelbarrow
38:17 Bow Saw
38:20 Heavy Plow
39:32 Bloodlines
42:51 Two-Man Saw
43:01 Crop Rotation
43:06 Hand Cart
42:54 Bracer
42:59 Scale Barding Armor
43:32 Elite Jarl
47:09 Scale Barding Armor
48:01 Ballistics
48:42 Chemistry
47:48 Siege Engineers
50:54 Capped Ram
52:10 Siege Ram
54:33 Scale Mail Armor
54:44 Forging
54:55 Chain Barding Armor
54:26 Elite Varangian Guard
55:07 Squires
54:53 Arson
Connection lost

Rejoining the realm…

Still unreachable

The connection could not be restored.

Session expired

The server has moved on; the page needs a fresh start.